 Dungeon Crawl Stone Soup version 0.30-a0-29-g142975f185 (webtiles) character file.

Game seed: 13724176743229627111

4781 Popsloth the Spear-Bearer (level 10, -3/80 HPs)
             Began as a Demonspawn Gladiator on Aug 26, 2022.
             Was a Believer of Makhleb.
             Slain by a spriggan rider
             ... wielding a +0 vorpal spear
              (4 damage)
             ... on level 1 of the Lair of Beasts.
             The game lasted 00:23:36 (12450 turns).

Popsloth the Spear-Bearer (Demonspawn Gladiator)   Turns: 12450, Time: 00:23:36

Health: -3/80      AC: 10    Str: 17    XL:     10   Next: 23%
Magic:  10/10      EV: 12    Int: 12    God:    Makhleb [**....]
Gold:   157        SH:  0    Dex: 14    Spells: 9/9 levels left

rFire   . . .      SeeInvis .    n - +0 halberd (vamp)
rCold   . . .      Faith    .    (shield currently unavailable)
rNeg    . . .      Spirit   .    j - +0 ring mail
rPois   .          Reflect  .    E - +0 helmet
rElec   .          Harm     .    C - +2 cloak
rCorr   .          Rampage  .    (no gloves)
Will    .....                    (no boots)
Stlth   +.........               (no amulet)
HPRegen 0.23/turn                (no ring)
MPRegen 0.12/turn                (no ring)

@: mighty
A: claws 1, hooves 1, foul stench 1, powered by pain 1
a: Renounce Religion, Minor Destruction


You were on level 1 of the Lair of Beasts.
You worshipped Makhleb.
Makhleb was pleased with you.
You visited 2 branches of the dungeon, and saw 9 of its levels.

You collected 438 gold pieces.
You spent 281 gold pieces at shops.

Inventory:

Hand Weapons
 i - a +2 halberd of protection
 n - a +0 vampiric halberd (weapon)
 y - a +0 flail of draining
Missiles
 e - 6 javelins (quivered)
 v - 10 boomerangs
Armour
 b - a +0 leather armour
 c - a +0 helmet
 j - a +0 ring mail (worn)
 u - a +0 cloak
 C - a +2 cloak (worn)
 E - a +0 helmet (worn)
 R - a +0 tower shield
 T - a +0 plate armour
Magical Staves
 h - a staff of air
Jewellery
 d - a +6 ring of dexterity
 g - a ring of resist corrosion
 I - an amulet of magic regeneration
Wands
 q - a wand of flame (23)
Scrolls
 a - a scroll of acquirement {unknown}
 f - 4 scrolls of teleportation {unknown}
 k - a scroll of noise {unknown}
 l - 4 scrolls of magic mapping {unknown}
 m - a scroll of blinking {unknown}
 o - a scroll of brand weapon {unknown}
 t - a scroll of vulnerability {unknown}
 x - a scroll of enchant armour {unknown}
 A - 2 scrolls of fear {unknown}
 D - 10 scrolls of identify {unknown}
 F - a scroll of poison {unknown}
 J - 2 scrolls of enchant weapon {unknown}
 K - 2 scrolls of immolation {unknown}
 L - 2 scrolls of butterflies {unknown}
 O - a scroll of torment {unknown}
Potions
 p - 4 potions of invisibility {unknown}
 r - 2 potions of haste {unknown}
 w - a potion of degeneration {unknown}
 z - 4 potions of mutation
 B - a potion of magic {unknown}
 G - a potion of curing
 H - a potion of heal wounds
 M - a potion of brilliance {unknown}
 N - a potion of cancellation {unknown}
 P - a potion of attraction {unknown}
 Q - a potion of lignification
 S - a potion of flight


   Skills:
 * Level 7.7 Fighting
 - Level 3.5 Maces & Flails
 + Level 8.9 Polearms
 - Level 1.8 Throwing
 + Level 5.3 Armour
 + Level 4.3 Dodging
 - Level 1.6 Shields
 - Level 3.0 Unarmed Combat
 + Level 1.0 Evocations


You had 9 spell levels left.
You didn't know any spells.
Your spell library contained the following spells:

 Spells                   Type           Power      Damage    Failure   Level
 Ensorcelled Hibernation  Hex/Ice        0%         N/A       65%         2
 Passwall                 Tmut/Erth      0%         N/A       65%         2
 Summon Guardian Golem    Hex/Summ       0%         N/A       86%         3
 Swiftness                Air            0%         N/A       86%         3
 Summon Forest            Summ/Tloc      0%         N/A       100%        5
 Summon Mana Viper        Hex/Summ       0%         N/A       100%        5
 Conjure Ball Lightning   Conj/Air       0%         3x3d6     100%        6
 Summon Cactus Giant      Summ           0%         N/A       100%        6
 Orb of Destruction       Conj           0%         9d5       100%        7
 Spellforged Servitor     Conj/Summ      0%         N/A       100%        7
 Discord                  Hex            0%         N/A       100%        8
 Disjunction              Tloc           0%         N/A       100%        8


Dungeon Overview and Level Annotations

Branches:
Dungeon (8/15)             Temple (0/1) D:7            Lair (1/5) D:8

Altars:
Ashenzari
Makhleb
Sif Muna
Trog

Shops:
D:4 (   D:5 !   D:7 !

Annotations:
D:2 Sigmund
Lair:1 Soryeang's ghost, novice FeDe


Innate Abilities, Weirdness & Mutations

You have sharp fingernails.
You have large cloven feet.
You may rarely emit foul miasma when damaged in melee.
You sometimes gain a little power by taking damage.


Message History

The spriggan is lightly wounded.
You barely miss the spriggan. You kick the spriggan.
The spriggan is lightly wounded.
The spriggan hits you with a +0 dagger!
The spriggan hits you but does no damage.
You barely miss the spriggan.
You kick the spriggan, but do no damage.
The spriggan is lightly wounded.
The spriggan barely misses you.
You hit the spriggan but do no damage. Your kick misses the spriggan.
The spriggan is lightly wounded.
The spriggan rider hits you from afar with a +0 vorpal spear!
You barely miss the spriggan. Your kick misses the spriggan.
The spriggan is lightly wounded.
The spriggan hits you with a +0 dagger.
The spriggan rider hits you from afar with a +0 vorpal spear!
You barely miss the spriggan. Your kick misses the spriggan.
The spriggan is lightly wounded.
Soryeang's ghost hits you but does no damage.
The spriggan completely misses you. The spriggan rider barely misses you.
You feel very mighty all of a sudden. Soryeang's ghost hits you!
The spriggan hits you but does no damage.
The spriggan rider hits you but does no damage.
You slice the spriggan!!
You kill the spriggan!
Makhleb accepts your kill. Soryeang's ghost hits you!
The spriggan rider hits you from afar with a +0 vorpal spear.
* * * LOW HITPOINT WARNING * * *
x2 Soryeang's ghost hits you but does no damage.
You completely miss Soryeang's ghost.
The spriggan rider hits you from afar with a +0 vorpal spear.
* * * LOW HITPOINT WARNING * * *
x2 Soryeang's ghost hits you but does no damage.
You slash Soryeang's ghost! Your kick misses Soryeang's ghost.
Soryeang's ghost is moderately damaged.
The spriggan rider hits you from afar with a +0 vorpal spear!
* * * LOW HITPOINT WARNING * * *
You die...

##.......#
.i.i# .. ....
##.W### .
...# ##i#≈ ##
. ..#.
≈$[:##..#..
..#.###$_....
#.
..#....i..#
.# #...i#≈#
.#
#....W##..#
##...)@.#
###.©.##
##### ...©...
#..........
##...........
#..........#
##......#...
#..........


You could see a spriggan rider, a spriggan and Soryeang's ghost.

Vanquished Creatures
  The ghost of daleorion the Cleaver, a novice MiFi of Makhleb (D:8)
  A cane toad (Lair:1)
  Prince Ribbit (D:6)
  A spriggan (Lair:1)
  A yak (D:5)
  A steam dragon (D:7)
  4 water moccasins
  5 ice beasts
  2 black bears
  An ogre (D:5)
  A phantom (D:5)
  4 centaurs
  Blork the orc (D:5)
  A bullfrog (Lair:1)
  4 scorpions
  2 necrophages
  4 wights (D:8)
  A howler monkey (D:5)
  3 hounds
  A jelly (D:5)
  9 orc priests
  A gnoll bouda (D:5)
  Jessica (D:2)
  Terence (D:2)
  4 iguanas
  6 orc wizards
  Robin (D:2)
  12 gnolls
  13 adders
  2 shadow imps
  A white imp (D:5)
  2 dart slugs
  31 orcs
  9 bats
  8 endoplasms
  3 giant cockroaches
  9 goblins
  12 hobgoblins
  3 jackals (D:4)
  3 quokkas
  6 ball pythons
  4 frilled lizards
  2 kobolds (D:3)
  3 rats
  A spectral kobold (D:3)
187 creatures vanquished.

Vanquished Creatures (others)
  A jelly (D:7)
1 creature vanquished.

Grand Total: 188 creatures vanquished

Notes
Turn   | Place    | Note
-------+----------+-------------------------------------------
     0 | D:1      | Popsloth the Demonspawn Gladiator began the quest for the
                  | Orb.
     0 | D:1      | Reached XP level 1. HP: 16/16 MP: 1/1
   435 | D:1      | Discovered your monstrous ancestry.
   435 | D:1      | Gained mutation: You have sharp fingernails. [demonic
                  | ancestry]
   435 | D:1      | Reached XP level 2. HP: 22/22 MP: 2/2
   887 | D:2      | Gained mutation: You may rarely emit foul miasma when
                  | damaged in melee. [demonic ancestry]
   887 | D:2      | Reached XP level 3. HP: 22/27 MP: 3/3
   963 | D:2      | Noticed Robin
  1341 | D:2      | Killed Robin
  1593 | D:1      | Reached XP level 4. HP: 30/34 MP: 4/4
  1608 | D:2      | Reached skill level 1 in Armour
  1853 | D:2      | Noticed Jessica
  1857 | D:2      | Killed Jessica
  1874 | D:2      | Noticed Terence
  2067 | D:2      | Killed Terence
  2068 | D:2      | Reached skill level 1 in Polearms
  2068 | D:2      | Reached XP level 5. HP: 17/40 MP: 5/5
  2261 | D:2      | Noticed Sigmund
  3319 | D:2      | Reached skill level 2 in Polearms
  3859 | D:3      | Found a faded altar of an unknown god.
  4006 | D:3      | Gained mutation: You have large cloven feet. [demonic
                  | ancestry]
  4006 | D:3      | Reached XP level 6. HP: 44/47 MP: 6/6
  4202 | D:3      | Reached skill level 3 in Polearms
  4382 | D:4      | Noticed an ice beast
  4391 | D:4      | Killed an ice beast
  4676 | D:4      | Reached skill level 4 in Polearms
  4676 | D:4      | Reached XP level 7. HP: 48/52 MP: 7/7
  5251 | D:4      | Found Panoduubb's Weapon Boutique.
  5477 | D:4      | Found a shimmering blue altar of Sif Muna.
  5785 | D:5      | Entered Level 5 of the Dungeon
  5975 | D:5      | Reached skill level 1 in Evocations
  6048 | D:5      | Found a burning altar of Makhleb.
  6067 | D:5      | Became a worshipper of Makhleb the Destroyer
  6222 | D:5      | Reached skill level 5 in Polearms
  6222 | D:5      | Reached skill level 1 in Unarmed Combat
  6324 | D:5      | Gained mutation: You sometimes gain a little power by
                  | taking damage. [demonic ancestry]
  6324 | D:5      | Reached XP level 8. HP: 29/60 MP: 8/8
  7199 | D:5      | Found Tadd's Distillery.
  7204 | D:5      | Reached skill level 6 in Polearms
  7241 | D:5      | Bought a potion of mutation for 104 gold pieces
  7241 | D:5      | Bought a potion of heal wounds for 65 gold pieces
  7258 | D:5      | Reached skill level 5 in Fighting
  7384 | D:5      | Reached * piety under Makhleb
  7503 | D:6      | Noticed Blork the orc
  7780 | D:5      | Killed Blork the orc
  8224 | D:6      | Reached XP level 9. HP: 25/68 MP: 9/9
  8528 | D:6      | Noticed Prince Ribbit
  8550 | D:6      | Killed Prince Ribbit
  8551 | D:6      | Reached skill level 7 in Polearms
  9463 | D:7      | HP: 2/69 [something/ball of steam (20)]
  9857 | D:7      | Identified the +7 short sword of Magnificence {flame, Str+4
                  | Dex+3}
 10175 | D:7      | Found a staircase to the Ecumenical Temple.
 10294 | D:7      | Found Hitiurr's Distillery.
 10303 | D:7      | Bought a potion of lignification for 42 gold pieces
 10303 | D:7      | Bought a potion of berserk rage for 70 gold pieces
 10534 | D:7      | Found a burning altar of Makhleb.
 11008 | D:8      | Reached skill level 8 in Polearms
 11067 | D:8      | Found a large runed translucent door.
 11067 | D:8      | Found a large runed translucent door.
 11073 | D:8      | Noticed daleorion's ghost (novice MiFi)
 11088 | D:8      | Killed daleorion's ghost
 11089 | D:8      | Reached skill level 5 in Armour
 11089 | D:8      | Reached skill level 1 in Shields
 11396 | D:8      | Reached XP level 10. HP: 76/79 MP: 10/10
 11432 | D:8      | Reached ** piety under Makhleb
 11914 | D:8      | Found a staircase to the Lair.
 11969 | D:8      | Found a broken altar of Ashenzari.
 12225 | Lair:1   | Entered Level 1 of the Lair of Beasts
 12230 | Lair:1   | Noticed a cane toad
 12237 | Lair:1   | Killed a cane toad
 12342 | Lair:1   | Found a transporter.
 12425 | Lair:1   | Noticed a moth of wrath
 12425 | Lair:1   | Noticed a spriggan rider
 12427 | Lair:1   | Noticed Soryeang's ghost (novice FeDe)
 12430 | Lair:1   | Found a bloodstained altar of Trog.
 12450 | Lair:1   | HP: 1/80 [spriggan rider/+0 vorpal spear (16)]
 12450 | Lair:1   | Slain by a spriggan rider

Illustrated notes

Levels and vault maps discovered:
D:1:      wander_arrival_fairy_ring, layout_loops_ring
D:2:      layout_loops_ring, uniq_robin, uniq_terence, uniq_jessica,
          uniq_sigmund
D:3:      minmay_bubble_buster, layout_basic, zin_treasury,
          dreamdust_ecumenical_altar_drowned_temple
D:4:      layout_gridville, nicolae_sif_muna_little_library, serial_bayou,
          serial_bayou_pond_c, serial_bayou_pond_d, serial_bayou_crossing,
          serial_bayou_pond_d, serial_shops, kennysheep_mini_moat
D:5:      cheibrodos_barr_body, layout_basic, makhleb_heckhound_becter,
          serial_shops, shop, minmay_misc_feat_cross
D:6:      layout_layer_cave, uniq_blork_the_orc, uniq_prince_ribbit1
D:7:      layout_loops_ring, minmay_temple_entry_nine_rooms, serial_shops, shop,
          david_defended_altar_orc
D:8:      layout_loops_ring, ashenzari_conservatory_becter, lair_entry_dummy,
          ebering_ghost_disaster_area
Lair:1:   layout_gridlike, gammafunk_ghost_wrathful_warriors, uniq_amaemon

Skill      XL: |  1  2  3  4  5  6  7  8  9 |
---------------+----------------------------+-----
Maces & Flails | 3 |  3.5
Dodging        | 3 4 |  4.3
Armour         | 1 2 3 5 |  5.3
Polearms       | 1 2 4 5 6 8 |  8.9
Fighting       | 3 4 5 7 |  7.7
Evocations     | 1 |  1.0
Unarmed Combat | 1 3 |  3.0
Shields        | 1 |  1.6
Throwing       | |  1.8

Action                   |  1- 3 |  4- 6 |  7- 9 | 10-12 || total
-------------------------+-------+-------+-------+-------++-------
Melee: Flail             |    98 |    25 |       |       ||   123
       Halberd           |       |   145 |   373 |    75 ||   593
       Kick              |       |    12 |    93 |    19 ||   124
Throw: Throwing net      |     2 |       |     4 |       ||     6
       Javelin           |       |       |     7 |     2 ||     9
Evoke: Wand              |       |     9 |       |       ||     9
  Use: Potion            |     2 |       |     5 |     1 ||     8
 Stab: Sleeping          |     1 |       |       |       ||     1
       Held in net/web   |     1 |       |       |       ||     1
Armor: Leather armour    |    24 |       |       |       ||    24
       Ring mail         |    44 |   109 |   192 |    31 ||   376
Dodge: Dodged            |   108 |   184 |   251 |    39 ||   582

Table legend: (Time is in decaauts)
 A = Elapsed time spent in this place.
 B = Non-inter-level travel time spent in this place.
 C = Inter-level travel time spent in this place.
 D = Time resting spent in this place.
 E = Time spent auto-exploring this place.
 F = Levels seen in this place.
 G = Mean time per level.
                   A        B        C        D        E       F      G
               +--------+--------+--------+--------+--------+-----+--------+
         Total |  12650 |  12322 |    328 |   2916 |   7174 |   9 | 1405.6 |
       Dungeon |  12423 |  12095 |    328 |   2916 |   7022 |   8 | 1552.9 |
          Lair |    226 |    226 |      0 |      0 |    152 |   1 |  226.0 |
               +--------+--------+--------+--------+--------+-----+--------+

Top non-repeatable levels by time:
     D:5: 2107 daAuts
     D:2: 1860 daAuts
     D:6: 1808 daAuts
     D:1: 1569 daAuts
     D:4: 1472 daAuts
     D:8: 1418 daAuts
     D:7: 1181 daAuts
     D:3: 1004 daAuts
  Lair:1: 226 daAuts
